 Dungeon Crawl Stone Soup version 0.30.2 (webtiles) character file.

Game seed: 18174328646959437772

627 OdinFK the Trooper (level 8, -3/58 (68) HPs)
             Began as a Meteoran Wanderer on Apr 12, 2024.
             Slain by a wight
             ... wielding a +0 battleaxe
              (5 damage)
             ... on level 5 of the Dungeon.
             The game lasted 00:12:08 (1491 turns).

OdinFK the Trooper (Meteoran Wanderer)              Turns: 1491, Time: 00:12:09

HP:   -3/58 (68)    AC:  7    Str: 15    XL:     8   Next: 5%
MP:   0/12          EV: 12    Int: 15    God:
Gold: 173           SH:  0    Dex: 13    Spells: 5/11 levels left

rFire   . . .        i - +2 dagger (drain)
rCold   . . .        (no shield)
rNeg    . . .        u - +0 ring mail
rPois   .            g - +0 helmet
rElec   .            (no cloak)
rCorr   .            q - +0 pair of gloves
SInv    +            (no boots)
Will    ++...        (no amulet)
Stlth   +            j - ring of willpower
HPRegen 0.29/turn    n - ring of see invisible
MPRegen 0.13/turn

%: no passive effects
@: glowing, heavily drained
A: sense surroundings 1, otherworldly, glowing, explore regen
a: no special abilities


You were on level 5 of the Dungeon.
You visited 1 branch of the dungeon, and saw 5 of its levels.

You collected 173 gold pieces.

Inventory:

Hand Weapons
 a - a +0 club
 i - a +2 dagger of draining (weapon)
 o - a +0 mace
 x - a +1 dagger of venom
Missiles
 f - 11 poisoned darts
 s - a boomerang
Armour
 g - a +0 helmet (worn)
 q - a +0 pair of gloves (worn)
 t - a +0 scale mail
 u - a +0 ring mail (worn)
 w - an orb of light
Jewellery
 j - a ring of willpower (left hand)
 n - a ring of see invisible (right hand)
Scrolls
 p - 2 scrolls of blinking {unknown}
 r - 3 scrolls of amnesia {unknown}
 v - 2 scrolls of identify {unknown}
 y - 2 scrolls of noise {unknown}
 z - a scroll of fear {unknown}
Potions
 b - a potion of berserk rage
 c - 2 potions of curing
 d - 3 potions of haste {unknown}
 e - 2 potions of resistance {unknown}
 h - 2 potions of attraction {unknown}
 k - a potion of experience {unknown}
 l - a potion of degeneration {unknown}
 m - 3 potions of heal wounds {unknown}
 A - a potion of lignification {unknown}
 B - a potion of flight {unknown}


   Skills:
 + Level 5.0 Fighting
 + Level 2.0 Short Blades
 - Level 2.0 Throwing
 + Level 2.4 Armour
 + Level 4.0 Dodging
 + Level 2.0 Spellcasting
 + Level 4.0 Summonings
 + Level 5.0 Earth Magic
 - Level 1.5 Evocations


You had 5 spell levels left.
You knew the following spells:

 Your Spells              Type           Power      Damage    Failure   Level
a - Sandblast             Erth           32%        2d9       5%          1
b - Summon Small Mammal   Summ           52%        N/A       9%          1
c - Animate Armour        Summ/Erth      30%        N/A       54%         4

Your spell library contained the following spells:

 Spells                   Type           Power      Damage    Failure   Level
 Passwall                 Tmut/Erth      7%         N/A       22%         2
 Summon Guardian Golem    Hex/Summ       7%         N/A       50%         3
 Hailstorm                Conj/Ice       1%         3d3       77%         3
 Ozocubu's Armour         Ice            1%         N/A       77%         3
 Ice Form                 Ice/Tmut       1%         N/A       99%         4
 Metabolic Englaciation   Hex/Ice        0%         N/A       100%        5
 Simulacrum               Ice/Necr       0%         N/A       100%        6


Dungeon Overview and Level Annotations

Branches:
Dungeon (5/15) Zot: 1469
 Temple: D:4-7

Altars:
Cheibriados
Elyvilon

Shops:
D:3 (

Annotations:
D:5 2 transporters


Innate Abilities, Weirdness & Mutations

You passively map a small area around you.
You are easily found by Zot.
You glow in the dark.
You regain HP and MP as you explore.


Message History

The wight misses you.
You hit the wight but do no damage.
The wight is moderately damaged.
The wight hits you with a +0 battleaxe.
You feel drained.
You hit the wight but do no damage.
The wight is moderately damaged.
The wight closely misses you.
You barely miss the wight.
The wight is moderately damaged.
The wight hits you with a +0 battleaxe.
You feel drained.
Aiming: Sandblast (safe; 5% risk of failure)
Press: ? - help, Q - select action, (/) - cycle Shift-Dir - straight line, f/p - wight
Aim: a wight, wielding a +0 battleaxe and wearing a +0 robe (moderately damaged, 82% to hit)
The blast of sand hits the wight.
The wight is heavily damaged.
The wight barely misses you.
Aiming: Sandblast (safe; 5% risk of failure)
Press: ? - help, Q - select action, (/) - cycle Shift-Dir - straight line, f/p - wight
Aim: a wight, wielding a +0 battleaxe and wearing a +0 robe (heavily damaged, 82% to hit)
The blast of sand hits the wight.
The wight is almost destroyed.
The wight hits you with a +0 battleaxe!
You feel drained. The wight hits you with a +0 battleaxe!
* * * LOW HITPOINT WARNING * * *
You barely miss the wight.
The wight is almost destroyed.
The wight hits you with a +0 battleaxe!
* * * LOW HITPOINT WARNING * * *
You feel drained.
You hit the wight.
The wight is almost destroyed.
Aiming: Sandblast (safe; 5% risk of failure)
Press: ? - help, Q - select action, (/) - cycle Shift-Dir - straight line, f/p - wight
Aim: a wight, wielding a +0 battleaxe and wearing a +0 robe (almost destroyed, 82% to hit)
The blast of sand hits the wight but does no damage.
The wight is almost destroyed.
The wight hits you with a +0 battleaxe!
* * * LOW HITPOINT WARNING * * *
The wight hits you with a +0 battleaxe.
You die...

####..†...#####..#
##...##..# #..#
#....###.# #..#
#.#.## #.### #..#
#...# #...###..#
#####..##
###.##...#
##.....## #.#..#.#
...###.# #.#z##.#
<.####.# #.@.##.#
....#..#
#....###.#
###.#.## #.##.#
#.# P8#.#.#
#..##.# #z#
..#...# #^# #.#
#.# [©#©.[#####..#
### #.#
..#.........#* #)#
P8#.......### #.#
###..####...# #.#


You could see a wight.

Vanquished Creatures
  Eustachio (D:4)
  A scorpion (D:4)
  2 wights (D:5)
  2 hounds (D:5)
  A sleepcap (D:4)
  2 iguanas (D:5)
  10 adders
  A shadow imp (D:5)
  3 worms
  3 dart slugs
  7 orcs
  4 endoplasms
  3 giant cockroaches
  3 goblins
  9 hobgoblins
  10 kobolds
  2 quokkas
  7 ball pythons
  7 bats
  3 frilled lizards
  5 rats
86 creatures vanquished.

Notes
Turn   | Place    | Note
-------+----------+-------------------------------------------
     0 | D:1      | OdinFK the Meteoran Wanderer began the quest for the Orb.
     0 | D:1      | OdinFK set off with the following items: a +0 club, a
                  | potion of berserk rage, a +0 ring mail; and the following
                  | spells available to memorise: Sandblast, Summon Small
                  | Mammal, Passwall, Summon Guardian Golem, Animate Armour.
     0 | D:1      | Reached XP level 1. HP: 17/17 MP: 3/3
     2 | D:1      | Learned a level 1 spell: Sandblast
   102 | D:1      | Reached XP level 2. HP: 23/24 MP: 1/5
   199 | D:1      | Reached skill level 1 in Throwing
   199 | D:1      | Reached XP level 3. HP: 30/30 MP: 3/6
   405 | D:1      | Found a faded altar of an unknown god.
   408 | D:1      | Reached skill level 1 in Dodging
   462 | D:2      | Reached XP level 4. HP: 37/37 MP: 4/7
   498 | D:2      | Learned a level 1 spell: Summon Small Mammal
   724 | D:3      | Reached XP level 5. HP: 44/44 MP: 5/9
   736 | D:3      | Found a white marble altar of Elyvilon.
   789 | D:3      | Found Qelexzo's Weapon Shop.
   992 | D:4      | Found a snail-covered altar of Cheibriados.
  1021 | D:4      | Noticed Eustachio
  1037 | D:4      | Reached skill level 1 in Short Blades
  1037 | D:4      | Reached XP level 6. HP: 51/51 MP: 10/10
  1088 | D:4      | Killed Eustachio
  1089 | D:4      | Reached XP level 7. HP: 33/60 MP: 8/11
  1094 | D:4      | Learned a level 4 spell: Animate Armour
  1208 | D:5      | Entered Level 5 of the Dungeon
  1215 | D:5      | Found a transporter.
  1264 | D:5      | Found a transporter.
  1421 | D:5      | Reached skill level 5 in Fighting
  1462 | D:5      | Reached skill level 5 in Earth Magic
  1462 | D:5      | Reached XP level 8. HP: 54/66 MP: 1/12
  1491 | D:5      | HP: 2/58 [wight/+0 battleaxe (8)]
  1491 | D:5      | Slain by a wight

Illustrated notes

Levels and vault maps discovered:
D:1:      minmay_arrival_four_houses, layout_basic,
          dreamdust_ecumenical_altar_grove
D:2:      layout_rooms
D:3:      layout_basic, mainiacjoe_overflow_small_starburst, serial_shops, shop
D:4:      layout_basic, mainiacjoe_overflow_alcove_1, skrybe_limestone_x,
          uniq_eustachio, uniq_natasha
D:5:      gammafunk_steamed_eel, layout_rooms,
          nicolae_dithmenos_through_a_glass_darkly,
          minmay_temple_entry_nine_rooms

Skill      XL: |  1  2  3  4  5  6  7 |
---------------+----------------------+-----
Throwing       | 1 2 |  2.0
Dodging        | 1 3 4 |  4.0
Spellcasting   | 2 |  2.0
Summonings     | 3 4 |  4.0
Earth Magic    | 3 5 |  5.0
Fighting       | 3 4 5 |  5.0
Short Blades   | 1 2 |  2.0
Armour         | |  2.4
Evocations     | |  1.5

Action                     |  1- 3 |  4- 6 |  7- 9 || total
---------------------------+-------+-------+-------++-------
  Melee: Club              |    28 |       |       ||    28
         Dagger            |    35 |   107 |    65 ||   207
         Punch             |     1 |     2 |       ||     3
   Cast: Sandblast         |    23 |    28 |    32 ||    83
         Summon Small Mamm |       |     2 |     3 ||     5
 Armour: Ring mail         |    44 |    84 |    18 ||   146
  Dodge: Dodged            |    39 |    56 |    32 ||   127
